 Dungeon Crawl Stone Soup version 0.30-a0-368-g86fb4627a9 (webtiles) character file.

Game seed: 4885855619200642977

103 RascalDebosk the Magician (level 5, -5/35 HPs)
             Began as a Djinni Air Elementalist on Nov 18, 2022.
             Slain by Grinder (7 damage)
             ... on level 3 of the Dungeon.
             The game lasted 00:11:14 (2408 turns).

RascalDebosk the Magician (Djinni Air Elementalist) Turns: 2408, Time: 00:11:15

Health: -5/35      AC:  5    Str:  7    XL:     5   Next: 6%
Gold:   64         EV: 12    Int: 19    God:
                   SH:  0    Dex: 13

rFire   + + .      SeeInvis .    s - +0 dagger
rCold   x . .      Faith    .    (no shield)
rNeg    . . .      Spirit   .    g - +2 robe
rPois   ∞          Reflect  .    (no helmet)
rElec   .          Harm     .    (no cloak)
rCorr   .          Rampage  .    l - +0 pair of gloves
Will    .....                    (boots unavailable)
Stlth   ++........               (no amulet)
HPRegen 0.25/turn                (no ring)
MPRegen 0.00/turn                (no ring)

@: flying
A: sickness immunity, fire resistance 2, cold vulnerability 1, float, innate
caster, HP casting, extra vitality 1
a: no special abilities


You were on level 3 of the Dungeon.
You visited 1 branch of the dungeon, and saw 3 of its levels.

You collected 64 gold pieces.

Inventory:

Hand Weapons
 s - a +0 dagger (weapon)
Armour
 g - a +2 robe (worn)
 l - a +0 pair of gloves (worn)
Scrolls
 a - 2 scrolls of enchant armour {unknown}
 b - a scroll of torment {unknown}
 c - 4 scrolls of vulnerability
 d - a scroll of magic mapping {unknown}
 e - 3 scrolls of identify {unknown}
 j - a scroll of amnesia {unknown}
 k - a scroll of teleportation {unknown}
 m - a scroll of immolation {unknown}
Potions
 f - a potion of cancellation {unknown}
 h - a potion of ambrosia {unknown}
 i - a potion of haste {unknown}
 n - a potion of heal wounds {unknown}


   Skills:
 - Level 2.1 Dodging
 - Level 1.5 Stealth
 + Level 4.1 Spellcasting


You couldn't memorise any spells.
You knew the following spells:

 Your Spells              Type           Power      Damage    Failure   Level
a - Shock                 Conj/Air       76%        1d7       2%          1
b - Static Discharge      Conj/Air       38%        2-4/arc   3%          2
c - Swiftness             Air            19%        N/A       8%          3
d - Airstrike             Air            9%         2d(2-18)  24%         4
e - Sandblast             Erth           38%        2d10      2%          1
f - Poisonous Vapours     Pois/Air       38%        N/A       3%          2
Your spell library was empty.

Dungeon Overview and Level Annotations

Branches:
Dungeon (3/15)

Altars:

Annotations:
D:3 Grinder


Innate Abilities, Weirdness & Mutations

You are immune to sickness and miasma.
You are immune to poison.
Your flesh is very heat resistant. (rF++)
You are vulnerable to cold. (rC-)
You float through the air rather than walking.
You learn spells naturally, not from books.
Your magical power is your life essence.
You have superior vitality. (+4 MHP)


Message History

Poisonous vapours surround the frilled lizard!
The frilled lizard is poisoned.
The frilled lizard hisses angrily.
Casting: Poisonous Vapours (safe; 3% risk of failure)
Confirm with . or Enter, or press ? or * to list all spells.
Aiming: Shock (safe; 2% risk of failure)
Press: ? - help, Shift-Dir - straight line, f/p - frilled lizard
Aim: a frilled lizard (very poisoned, 53% to hit)
The zap misses the frilled lizard.
Casting: Shock (safe; 2% risk of failure)
Confirm with . or Enter, or press ? or * to list all spells.
Aiming: Shock (safe; 2% risk of failure)
Press: ? - help, Shift-Dir - straight line, f/p - frilled lizard
Aim: a frilled lizard (very poisoned, 53% to hit)
The zap hits the frilled lizard.
The frilled lizard is heavily wounded.
Casting: Shock (safe; 2% risk of failure)
Confirm with . or Enter, or press ? or * to list all spells.
Aiming: Shock (safe; 2% risk of failure)
Press: ? - help, Shift-Dir - straight line, f/p - frilled lizard
Aim: a frilled lizard (heavily wounded, very poisoned, 53% to hit)
The zap hits the frilled lizard.
You kill the frilled lizard!
Grinder comes into view.
Grinder shouts!
Casting: Shock (safe; 2% risk of failure)
Confirm with . or Enter, or press ? or * to list all spells.
Aiming: Shock (safe; 2% risk of failure)
Press: ? - help, Shift-Dir - straight line, f - Grinder
Aim: Grinder (68% to hit)
The zap hits Grinder.
Grinder is lightly wounded.
Grinder blinks!
Casting: Shock (safe; 2% risk of failure)
Confirm with . or Enter, or press ? or * to list all spells.
Aiming: Shock (safe; 2% risk of failure)
Press: ? - help, Shift-Dir - straight line, f/p - Grinder
Aim: Grinder (lightly wounded, 68% to hit)
The zap hits Grinder.
Grinder is moderately wounded.
Grinder gestures at you.
You struggle to resist.
Casting: Shock (safe; 2% risk of failure)
Confirm with . or Enter, or press ? or * to list all spells.
Aiming: Shock (safe; 2% risk of failure)
Press: ? - help, Shift-Dir - straight line, f/p - Grinder
Aim: Grinder (moderately wounded, 68% to hit)
The zap hits Grinder.
Grinder is moderately wounded.
Casting: Shock (safe; 2% risk of failure)
Confirm with . or Enter, or press ? or * to list all spells.
Aiming: Shock (safe; 2% risk of failure)
Press: ? - help, Shift-Dir - straight line, f/p - Grinder
Aim: Grinder (moderately wounded, 68% to hit)
The zap hits Grinder.
Grinder is moderately wounded.
Casting: Shock (safe; 2% risk of failure)
Confirm with . or Enter, or press ? or * to list all spells.
Aiming: Shock (safe; 2% risk of failure)
Press: ? - help, Shift-Dir - straight line, f/p - Grinder
Aim: Grinder (moderately wounded, 68% to hit)
The zap hits Grinder.
Grinder is heavily wounded.
Casting: Shock (safe; 2% risk of failure)
Confirm with . or Enter, or press ? or * to list all spells.
Grinder is struck by an arc of lightning.
Grinder is heavily wounded.
You are struck by an arc of lightning.
The lightning grounds out.
Grinder hits you.
Casting: Static Discharge (safe; 3% risk of failure)
Confirm with . or Enter, or press ? or * to list all spells.
Grinder is struck by an arc of lightning.
Grinder is severely wounded.
You are struck by an arc of lightning.
Grinder is struck by an arc of lightning.
Grinder is severely wounded.
The lightning grounds out.
Grinder gestures at you. Pain shoots through your body!
* * * LOW HITPOINT WARNING * * *
Casting: Static Discharge (safe; 3% risk of failure)
Confirm with . or Enter, or press ? or * to list all spells.
Grinder is struck by an arc of lightning.
Grinder is severely wounded.
You are struck by an arc of lightning.
* * * LOW HITPOINT WARNING * * *
Grinder is struck by an arc of lightning.
Grinder is almost dead.
You are struck by an arc of lightning.
* * * LOW HITPOINT WARNING * * *
The lightning grounds out.
* * * LOW HITPOINT WARNING * * *
Grinder hits you.
* * * LOW HITPOINT WARNING * * *
You writhe in agony.
* * * LOW HITPOINT WARNING * * *
You hit Grinder but do no damage.
Grinder is almost dead.
Grinder hits you!
You die...

###### #######
#....#
#.....###....#####
+.........@5....!.
##......###########
.............# ###
##.......###.# ..#
##.####.#...# ####.#
#........#######
#..#.#
#######.........
#..#.#
##....######..#.#
#.#...##.......#####


You could see Grinder.

Vanquished Creatures
  Jessica (D:2)
  Natasha (D:2)
  An adder (D:2)
  A dart slug (D:2)
  An orc (D:3)
  4 bats
  2 endoplasms (D:1)
  3 goblins
  3 hobgoblins
  7 jackals
  2 quokkas
  5 ball pythons
  3 frilled lizards
  4 kobolds
  2 rats
40 creatures vanquished.

Notes
Turn   | Place    | Note
-------+----------+-------------------------------------------
     0 | D:1      | RascalDebosk the Djinni Air Elementalist began the quest
                  | for the Orb.
     0 | D:1      | RascalDebosk set off with the following spells memorised:
                  | Shock, Static Discharge, Swiftness, Airstrike.
     0 | D:1      | Reached XP level 1. HP: 15/15 MP: 0/0
   308 | D:1      | Reached XP level 2. HP: 17/21 MP: 0/0
   696 | D:1      | Reached skill level 3 in Spellcasting
   884 | D:1      | Reached XP level 3. HP: 21/25 MP: 0/0
   884 | D:1      | Learned a level 1 spell: Sandblast
  1214 | D:2      | Noticed Jessica
  1219 | D:2      | Killed Jessica
  1306 | D:2      | Reached XP level 4. HP: 30/31 MP: 0/0
  1866 | D:2      | Noticed Natasha
  1871 | D:2      | Killed Natasha
  1872 | D:2      | Reached skill level 4 in Spellcasting
  1872 | D:2      | Reached XP level 5. HP: 29/35 MP: 0/0
  1872 | D:2      | Learned a level 2 spell: Poisonous Vapours
  2399 | D:3      | Noticed Grinder
  2407 | D:3      | HP: 1/35 [Grinder (5)]
  2408 | D:3      | Slain by Grinder

Illustrated notes

Levels and vault maps discovered:
D:1:      minmay_arrival_checkered_box, layout_loops_corners, serial_aquarium,
          aquarium_bridge_square [aquarium_subvault_wall,
          aquarium_subvault_window, aquarium_subvault_balcony,
          aquarium_subvault_bridge], aquarium_bridge_straight
          [aquarium_subvault_bridge, aquarium_subvault_window,
          aquarium_subvault_bridge, aquarium_subvault_balcony],
          aquarium_window_double, aquarium_window_corner, aquarium_view_2d,
          aquarium_view_2b, aquarium_balcony_5b, dk_noncrumbling_2
D:2:      layout_basic, minmay_pentomino_u4, uniq_jessica, uniq_natasha
D:3:      layout_basic, uniq_robin, uniq_grinder

Skill      XL: |  1  2  3  4 |
---------------+-------------+-----
Spellcasting   | 3 4 |  4.1
Dodging        | |  2.1
Stealth        | |  1.5

Action                   |  1- 3 |  4- 6 || total
-------------------------+-------+-------++-------
Melee: Dagger            |       |    32 ||    32
 Cast: Shock             |    42 |    38 ||    80
       Static Discharge  |     1 |     3 ||     4
       Poisonous Vapours |       |     1 ||     1
  Use: Scroll            |       |     1 ||     1
Armor: Robe              |       |    10 ||    10
Dodge: Dodged            |       |    24 ||    24

Table legend: (Time is in decaauts)
 A = Elapsed time spent in this place.
 B = Non-inter-level travel time spent in this place.
 C = Inter-level travel time spent in this place.
 D = Time resting spent in this place.
 E = Time spent auto-exploring this place.
 F = Levels seen in this place.
 G = Mean time per level.
                   A        B        C        D        E       F      G
               +--------+--------+--------+--------+--------+-----+--------+
         Total |   2407 |   2276 |    131 |      0 |   1959 |   3 |  802.3 |
       Dungeon |   2407 |   2276 |    131 |      0 |   1959 |   3 |  802.3 |
               +--------+--------+--------+--------+--------+-----+--------+

Top non-repeatable levels by time:
     D:1: 1129 daAuts
     D:2: 1107 daAuts
     D:3: 169 daAuts
